 Dungeon Crawl Stone Soup version 0.23.0-3-gf3c87f2 (webtiles) character file.

Game seed: 18351666210608301760

227318 Anon1729 the Peltast (level 20, -8/172 HPs)
             Began as a Formicid Fighter on Feb 24, 2019.
             Was the Champion of Wu Jian.
             Killed from afar by a nagaraja (40 damage)
             ... with a poison arrow
             ... on level 4 of the Snake Pit on Feb 25, 2019.
             The game lasted 01:57:46 (41938 turns).

Anon1729 the Peltast (Formicid Fighter)            Turns: 41938, Time: 01:57:46

Health: -8/172     AC: 37    Str: 30    XL:     20   Next: 57%
Magic:  20/20      EV: 10    Int:  9    God:    Wu Jian [******]
Gold:   3274       SH: 24    Dex: 16    Spells: 19/19 levels left

rFire    + . .     SeeInvis +   z - +6 quarterstaff (chaos)
rCold    + + .     Gourm    .   r - +0 large shield {AC+3}
rNeg     + . .     Faith    .   C - +8 chain mail of Patterns {rN+ Str+4}
rPois    .         Spirit   .   (helmet unavailable)
rElec    .         Reflect  .   X - +2 cloak {rC+}
rCorr    .         Harm     .   U - +2 pair of gloves {Dex+3}
MR       ++...                  M - +2 pair of boots
Stlth    ..........             (no amulet)
HPRegen  0.38/turn              Q - ring of protection from fire
MPRegen  0.17/turn              P - ring of protection from cold

@: lethally poisoned (-8 -> -44), exhausted
A: permanent stasis, dig shafts and tunnels, four strong arms, antennae 3
a: Dig, Shaft Self, Wall Jump, Serpent's Lash, Heavenly Storm, Renounce Religion


You were on level 4 of the Snake Pit.
You worshipped Wu Jian.
Wu Jian was exalted by your worship.
You were not hungry.

You visited 7 branches of the dungeon, and saw 31 of its levels.
You also visited: Gauntlet and Ice Cave.

You collected 3449 gold pieces.
You spent 175 gold pieces at shops.

Inventory:

Hand Weapons
 z - a +6 quarterstaff of chaos (weapon)
Armour
 r - a +0 large shield of protection (worn)
 C - the +8 chain mail of Patterns (worn) {rN+ Str+4}
   (You found it on level 8 of the Dungeon)

   It affects your strength (+4).
   It protects you from negative energy.
 M - a +2 pair of boots (worn)
 U - a +2 pair of gloves of dexterity (worn)
 X - a +2 cloak of cold resistance (worn)
Jewellery
 o - an uncursed ring of protection from magic
 v - an uncursed ring of resist corrosion
 P - a ring of protection from cold (right hand)
 Q - a ring of protection from fire (left hand)
Wands
 w - a wand of digging (1)
 y - a wand of polymorph (27)
 A - a wand of enslavement (31)
 D - a wand of acid (19)
 H - a wand of paralysis (11)
 I - a wand of flame (54)
 Y - a wand of iceblast (27)
Scrolls
 b - 3 scrolls of holy word
 e - a scroll of random uselessness {unknown}
 g - 16 scrolls of remove curse
 h - 11 scrolls of immolation
 j - 5 scrolls of enchant armour
 k - 3 scrolls of fear
 m - 7 scrolls of fog
 q - 5 scrolls of identify
 B - 5 scrolls of magic mapping
 G - a scroll of brand weapon {unknown}
 K - 2 scrolls of acquirement {unknown}
 N - a scroll of vulnerability {unknown}
 R - a scroll of noise {unknown}
 T - 5 scrolls of amnesia
Potions
 a - 2 potions of resistance
 c - 2 potions of magic
 d - 7 potions of might
 n - 6 potions of curing
 p - 5 potions of flight
 t - 4 potions of lignification
 u - 6 potions of heal wounds
 x - 2 potions of cancellation {unknown}
 E - 3 potions of agility
 J - 2 potions of haste
 L - 7 potions of mutation
 O - 2 potions of berserk rage {unknown}
 V - 2 potions of ambrosia {unknown}
 W - 3 potions of brilliance
 Z - a potion of invisibility
Miscellaneous
 i - a box of beasts
 l - a phantom mirror
 s - a sack of spiders
 F - a lightning rod (4/4)
 S - a phial of floods (inert)
Comestibles
 f - 54 rations


   Skills:
 + Level 18.4 Fighting
 + Level 17.2 Staves
 + Level 18.5 Armour
 - Level 0.7 Dodging
 + Level 19.9 Shields


You had 19 spell levels left.
You didn't know any spells.
Your spell library contained the following spells:

 Spells                   Type           Power        Failure   Level  Hunger
 Animate Skeleton         Necr           N/A          75%         1    ##.....
 Apportation              Tloc           #.....       75%         1    ##.....
 Beastly Appendage        Tmut           #.....       75%         1    ##.....
 Confusing Touch          Hex            #.....       75%         1    ##.....
 Corona                   Hex            #......      75%         1    ##.....
 Flame Tongue             Conj/Fire      #....        75%         1    ##.....
 Freeze                   Ice            #...         75%         1    ##.....
 Infusion                 Chrm           #...         75%         1    ##.....
 Magic Dart               Conj           #...         75%         1    ##.....
 Summon Small Mammal      Summ           #...         75%         1    ##.....
 Call Imp                 Summ           #.......     86%         2    ###....
 Ensorcelled Hibernation  Hex/Ice        #.....       86%         2    ###....
 Shroud of Golubria       Chrm/Tloc      #.........   86%         2    ###....
 Slow                     Hex            #.......     86%         2    ###....
 Song of Slaying          Chrm           #.......     86%         2    ###....
 Sticks to Snakes         Tmut           #.......     86%         2    ###....
 Throw Flame              Conj/Fire      #.....       86%         2    ###....
 Throw Frost              Conj/Ice       #.....       86%         2    ###....
 Confuse                  Hex            #.......     98%         3    ####...
 Conjure Flame            Conj/Fire      #.......     98%         3    ####...
 Dazzling Spray           Conj/Hex       #.....       98%         3    ####...
 Gell's Gravitas          Tloc           #.........   98%         3    ####...
 Inner Flame              Hex/Fire       #.......     98%         3    ####...
 Lesser Beckoning         Tloc           #.........   98%         3    ####...
 Mephitic Cloud           Conj/Pois/Air  #.......     98%         3    ####...
 Ozocubu's Armour         Chrm/Ice       #.......     98%         3    ####...
 Portal Projectile        Hex/Tloc       #.....       98%         3    ####...
 Regeneration             Chrm/Necr      #.........   98%         3    ####...
 Spectral Weapon          Hex/Chrm       #.......     98%         3    ####...
 Spider Form              Tmut/Pois      #.........   98%         3    ####...
 Teleport Other           Tloc           #.......     98%         3    ####...
 Tukima's Dance           Hex            #.......     98%         3    ####...
 Cause Fear               Hex            #.........   100%        4    #####..
 Ice Form                 Ice/Tmut       #.......     100%        4    #####..
 Leda's Liquefaction      Hex/Erth       #.........   100%        4    #####..
 Passage of Golubria      Tloc           N/A          100%        4    #####..
 Sticky Flame             Conj/Fire      #.......     100%        4    #####..
 Summon Ice Beast         Ice/Summ       #.......     100%        4    #####..
 Throw Icicle             Conj/Ice       #.......     100%        4    #####..
 Blade Hands              Tmut           #.........   100%        5    ######.
 Borgnjor's Vile Clutch   Necr/Erth      #.........   100%        5    ######.
 Fireball                 Conj/Fire      #.........   100%        5    ######.
 Silence                  Hex/Air        #.........   100%        5    ######.
 Summon Mana Viper        Hex/Summ       #.......     100%        5    ######.
 Venom Bolt               Conj/Pois      #.........   100%        5    ######.
 Darkness                 Hex            #.........   100%        6    #######
 Shadow Creatures         Summ           N/A          100%        6    #######
 Blink                    Tloc           Unusable     N/A         2    N/A

Dungeon Overview and Level Annotations

Branches:
Dungeon (15/15)            Temple (1/1) D:5            Lair (6/6) D:8
  Swamp (1/4) Lair:3        Snake (4/4) Lair:3        Slime (0/5) Lair:6
    Orc (2/2) D:11            Elf (2/3) Orc:2        Vaults (0/5) D:13
 Depths (0/5) D:15

Altars:
Ashenzari
Cheibriados
Dithmenos
Elyvilon
Fedhas
Gozag
Hepliaklqana
Kikubaaqudgha
Makhleb
Nemelex Xobeh
Okawaru
Qazlal
Ru
Sif Muna
Trog
Uskayaw
Vehumet
Wu Jian
Xom
Yredelemnul
Zin
The Shining One
Jiyva

Shops:
Orc:2 :*[(   Snake:2 }=}   Snake:3 *

Portals:
Trove: D:14 (give horn of Geryon)

Annotations:
D:11 2 transporters, ferdilos's ghost, journeyman KoEn
D:15 Louise
Lair:1 1 runed translucent door, Nr616's ghost, journeyman TrHu
Elf:1 3 runed translucent doors


Innate Abilities, Weirdness & Mutations

You cannot be hasted, slowed, berserked, paralysed or teleported.
You can dig through walls and to a lower floor.
Your four strong arms can wield two-handed weapons with a shield.
You have a pair of large antennae on your head. (SInv)


Message History

Evoke which item? (* to show all) (? for menu, Esc to quit)
Aiming: Corrosive Bolt
Press: ? - help, Shift-Dir - straight line, f - nagaraja
Aim: a nagaraja, wielding a +0 whip and wearing a +0 robe (heavily wounded, fast, catching its breath)
The bolt of acid hits the nagaraja!
The nagaraja is splashed with acid.
You kill the nagaraja!
The Council accepts your kill.
The bolt of acid hits the nagaraja!
The nagaraja is splashed with acid.
The acid corrodes the nagaraja!
The nagaraja is severely wounded.
You feel sick. The nagaraja casts a spell at you.
You easily resist.
You are too exhausted to lash out.
Unknown command.
You feel sick.
The nagaraja gestures at you while chanting.
The poison arrow hits you!!!
You are lethally poisoned!
You die...

.##.##...........##.......##.####
..#..##..........#..#####..#....#
N.##.....###....##[##)..##.####..
.#.#..#### ######........(..# #..
..##.#########.##..#)))(.#..#####
#.####...##....#..##.8.8.##..##.8
N..##.###.# #..#..#..(()..#(.#...
..{##.....###[.(..#...<(..#(.'..8
...#.......#N((#@.#...(([.#(.#...
...'.≈≈≈N≈≈'.[)#.N##.8.8)##(.##.8
...#[≈≈≈≈≈≈').(##[.#.....#(.#####
.)())≈≈(().'≈.(.#.........(.#
..)#((....)#(.).##.##...##(##..
.).##.....###....#..#####..#...
...##.###.###....##.......##...
#.####...##.......##.....##....
..## #####.......#.###'###.....


You could see a nagaraja.

Vanquished Creatures
  Saint Roka (Orc:2)
  Vashnia (Snake:4)
  A deep elf blademaster (Elf:2)
  10 nagarajas
  A frost giant (IceCv)
  A deep elf elementalist (Elf:2)
  A reaper (Gauntlet)
  A stone giant (Orc:2)
  Nessos (Lair:5)
  Azrael (Orc:2)
  2 minotaurs
  Snorg (D:14)
  Josephine (Orc:1)
  A deep elf death mage (Elf:2)
  3 deep elf high priests (Elf:2)
  The ghost of NormalPerson7T the Slicer, a journeyman HaFE of Elyvilon (Lair:3)
  Fannar (D:12)
  A vault guard (D:13)
  10 naga warriors
  9 hydras
  14 anacondas
  2 catoblepae
  Erica (D:9)
  3 centaur warriors
  5 two-headed ogres
  22 dancing weapons
  15 naga sharpshooters
  7 death yaks
  4 orc high priests (Orc:2)
  11 shock serpents
  A shock serpent (shapeshifter) (Snake:4)
  Urug (D:11)
  11 deep elf knights (Elf:2)
  A fire crab (Lair:6)
  A sixfirhy (Gauntlet)
  3 salamander mystics
  7 skeletal warriors
  8 sea snakes (Snake:4)
  5 naga ritualists
  A swamp dragon (Snake:4)
  7 deep elf archers
  3 orc knights (Orc:2)
  Pikel (D:9)
  35 deep elf magi
  14 ugly things
  An ugly thing (shapeshifter) (D:15)
  5 orc sorcerers
  2 wolf spiders (Lair:6)
  8 mana vipers
  A manticore (shapeshifter) (Lair:1)
  2 oklob plants (Lair:1)
  7 manticores
  4 cyclopes
  A salamander (shapeshifter) (D:11)
  21 elephants
  17 salamanders
  2 ice statues (IceCv)
  7 guardian serpents
  A water nymph (shapeshifter) (IceCv)
  Joseph (D:9)
  38 black mambas
  3 centaur zombies
  5 centaur skeletons
  A torpor snail (Lair:5)
  22 naga magi
  2 orange demons (Elf:2)
  13 spiny frogs
  A gargoyle (D:13)
  3 rime drakes
  A freezing wraith (D:13)
  7 komodo dragons
  An efreet (D:15)
  A yaktaur (Snake:3)
  A hellwing (Gauntlet)
  A red devil (Gauntlet)
  2 queen bees
  6 trolls
  21 polar bears
  7 hornets
  A merfolk (shapeshifter) (Lair:3)
  15 blink frogs
  2 bog bodies (Lair:3)
  A raiju (Lair:6)
  Grinder (D:5)
  Prince Ribbit (D:9)
  A blink frog (shapeshifter) (D:11)
  5 slime creatures
  12 hippogriffs
  A ynoxinul (Gauntlet)
  3 shadows (D:14)
  A redback (Lair:6)
  A yak (shapeshifter) (Snake:4)
  2 air elementals
  50 yaks
  A vampire (D:9)
  9 wraiths
  14 wyverns
  A human (Lair:4)
  A basilisk (Lair:4)
  4 fire elementals
  18 vampire mosquitoes
  56 nagas
  7 wargs
  5 swamp worms
  A naga (shapeshifter) (D:13)
  A soldier ant (D:13)
  14 hell hounds
  2 acid dragons
  10 porcupines
  23 water moccasins
  38 orc warriors
  4 slaves (D:9)
  14 black bears
  A sky beast (D:10)
  5 ice beasts
  2 eyes of draining
  32 wolves
  3 phantoms
  7 ogres
  14 centaurs
  2 big kobolds
  13 crocodiles
  16 bullfrogs
  A gnoll sergeant (D:7)
  An earth elemental (Elf:1)
  6 scorpions
  24 killer bees
  A wight (D:9)
  10 electric eels
  5 howler monkeys
  8 crimson imps
  2 bullfrog zombies
  7 hounds
  28 orc priests
  3 human zombies (D:9)
  Crazy Yiuf (D:5)
  4 jellies
  22 orc wizards
  A bullfrog skeleton (D:7)
  4 iguanas
  4 iron imps (Gauntlet)
  4 human skeletons (D:9)
  Ijyb (D:5)
  8 worker ants
  A killer bee zombie (D:10)
  2 hound zombies
  4 hound skeletons
  A mummy (D:9)
  5 gnolls (D:7)
  7 adders
  A shadow imp (D:14)
  12 white imps (D:15)
  2 ufetubi (Gauntlet)
  An ooze (D:7)
  2 adder zombies
  2 worms
  A dart slug (D:2)
  4 leopard geckos
  91 orcs
  9 bats
  A bat skeleton (D:2)
  3 giant cockroaches
  5 goblins
  4 hobgoblins
  5 jackals
  19 kobolds
  3 ball pythons
  A ball python skeleton (D:2)
  5 frilled lizards
  A giant cockroach zombie (D:2)
  A jackal skeleton (D:8)
  A leopard gecko skeleton (D:4)
  A leopard gecko zombie (D:6)
  An orc skeleton (D:9)
  An orc zombie (D:9)
  2 quokka skeletons
  8 rats
  2 crawling corpses (Elf:2)
  A plant (Lair:1)
  A toadstool (D:6)
1219 creatures vanquished.

Vanquished Creatures (collateral kills)
  A naga mage (Snake:4)
  A vampire mosquito (D:13)
2 creatures vanquished.

Vanquished Creatures (others)
  A death yak (D:8)
  A sea snake (Snake:4)
  A harpy (shapeshifter) (Elf:2)
  2 deep elf magi (Elf:2)
  A mana viper (Snake:4)
  A black mamba (Lair:6)
  A polar bear (IceCv)
  A raiju (Lair:6)
  An orc wizard (Orc:2)
  An orc (D:11)
  2 fire vortices (D:13)
  14 fungi (Lair:6)
  20 plants
  3 toadstools (D:6)
50 creatures vanquished.

Grand Total: 1271 creatures vanquished

Notes
Turn   | Place    | Note
-------+----------+-------------------------------------------
     0 | D:1      | Anon1729 the Formicid Fighter began the quest for the Orb.
     0 | D:1      | Reached XP level 1. HP: 18/18 MP: 1/1
    94 | D:1      | Reached XP level 2. HP: 24/24 MP: 2/2
   101 | D:1      | Reached skill level 4 in Shields
   299 | D:2      | Reached XP level 3. HP: 29/29 MP: 3/3
   520 | D:2      | Reached XP level 4. HP: 33/35 MP: 4/4
  1017 | D:3      | Found a radiant altar of Vehumet.
  1191 | D:3      | Found an ancient bone altar of Kikubaaqudgha.
  1192 | D:3      | Found a stormy altar of Qazlal.
  1194 | D:3      | Found a burning altar of Makhleb.
  1730 | D:4      | Noticed a bullfrog
  1743 | D:4      | Killed a bullfrog
  1743 | D:4      | Reached XP level 5. HP: 15/42 MP: 5/5
  1967 | D:4      | Noticed a phantom
  1979 | D:4      | Killed a phantom
  1979 | D:4      | Reached skill level 5 in Shields
  1979 | D:4      | Reached XP level 6. HP: 48/48 MP: 6/6
  2466 | D:4      | Noticed an ogre
  2477 | D:4      | Killed an ogre
  2477 | D:4      | Reached XP level 7. HP: 49/55 MP: 7/7
  2616 | D:4      | Reached skill level 5 in Armour
  2675 | D:4      | Reached skill level 5 in Fighting
  2741 | D:5      | Entered Level 5 of the Dungeon
  2750 | D:5      | Reached skill level 5 in Staves
  2757 | D:5      | Found a hazy altar of Hepliaklqana.
  2794 | D:5      | Found an opulent altar of Gozag.
  2794 | D:5      | Noticed Ijyb
  2814 | D:5      | Reached skill level 6 in Shields
  2818 | D:5      | Killed Ijyb
  2818 | D:5      | Reached XP level 8. HP: 60/62 MP: 8/8
  2946 | D:5      | Found a snail-covered altar of Cheibriados.
  2979 | D:5      | Found a hide-covered altar of Uskayaw.
  2979 | D:5      | Found a hide-covered altar of Uskayaw.
  2981 | D:5      | Found a blossoming altar of Fedhas.
  2981 | D:5      | Found a deep blue altar of Sif Muna.
  2981 | D:5      | Found a shimmering altar of Xom.
  3009 | D:5      | Found a runed translucent door.
  3010 | D:5      | Noticed Crazy Yiuf
  3018 | D:5      | Killed Crazy Yiuf
  3169 | D:5      | Noticed Grinder
  3179 | D:5      | Killed Grinder
  3228 | D:5      | Found a staircase to the Ecumenical Temple.
  3341 | Temple   | Entered the Ecumenical Temple
  3463 | Temple   | Became a worshipper of the Wu Jian Council
  3527 | D:6      | Noticed a yak
  3541 | D:6      | Killed a yak
  3551 | D:6      | Reached skill level 7 in Shields
  3555 | D:6      | Noticed a yak
  3555 | D:6      | Noticed a yak
  3557 | D:6      | Noticed a yak
  3565 | D:6      | Killed a yak
  3565 | D:6      | Reached XP level 9. HP: 37/69 MP: 9/9
  4144 | D:6      | Reached skill level 8 in Shields
  4501 | D:6      | Found a sparkling altar of Nemelex Xobeh.
  4501 | D:6      | Found a shattered altar of Ashenzari.
  4502 | D:6      | Found a white marble altar of Elyvilon.
  4513 | D:6      | Found a glowing silver altar of Zin.
  4785 | D:6      | Reached * piety under Wu Jian
  4855 | D:7      | Noticed a hippogriff
  4863 | D:7      | Killed a hippogriff
  4907 | D:7      | Reached XP level 10. HP: 76/79 MP: 10/10
  5707 | D:7      | Reached skill level 9 in Shields
  6256 | D:8      | Got a pitted chain mail
  6277 | D:7      | Identified the +8 chain mail of Patterns {rN+ Str+4} (You
                  | found it on level 8 of the Dungeon)
  6475 | D:8      | Noticed a death yak
  6478 | D:8      | Noticed a death yak
  6483 | D:8      | Banished a death yak
  6489 | D:8      | Noticed a death yak
  6491 | D:8      | Reached ** piety under Wu Jian
  6773 | D:7      | Killed a death yak
  6826 | D:8      | Banished a death yak
  6826 | D:8      | Reached skill level 10 in Shields
  6826 | D:8      | Reached XP level 11. HP: 83/87 MP: 11/11
  6847 | D:8      | Found a staircase to the Lair.
  7725 | D:8      | Found a snail-covered altar of Cheibriados.
  7886 | D:9      | Noticed Joseph
  7931 | D:9      | Killed Joseph
  8144 | D:9      | You fall through a shaft for 2 floors!
  8149 | D:11     | Found a transporter.
  8182 | D:11     | Noticed a four-headed hydra
  8185 | D:11     | Noticed ferdilos's ghost (journeyman KoEn)
  8192 | D:11     | Noticed a moth of wrath
  8200 | D:11     | Found a transporter.
  8261 | D:11     | Noticed Urug
  8277 | D:11     | Killed Urug
  8775 | D:11     | Reached *** piety under Wu Jian
  8895 | D:11     | Found a staircase to the Orcish Mines.
  8947 | D:11     | Noticed a salamander
  8947 | D:11     | a meliai changed into a salamander
  8958 | D:11     | Killed a salamander
  8958 | D:11     | Reached skill level 10 in Armour
  8966 | D:11     | Reached skill level 10 in Fighting
  8966 | D:11     | Reached skill level 11 in Shields
  9768 | D:10     | Entered Level 10 of the Dungeon
 10576 | D:10     | Reached XP level 12. HP: 97/97 MP: 12/12
 10887 | D:9      | Noticed Pikel
 10889 | D:9      | Noticed Erica
 10910 | D:9      | Killed Pikel
 10915 | D:9      | HP: 3/98 [Erica/+4 scimitar of flaming (2)]
 10921 | D:9      | Killed Erica
 11067 | D:9      | Noticed Prince Ribbit
 11078 | D:9      | Killed Prince Ribbit
 11078 | D:9      | Reached skill level 10 in Staves
 11538 | D:9      | Found a basalt altar of Yredelemnul.
 11569 | D:9      | Reached **** piety under Wu Jian
 11804 | D:12     | Noticed Fannar
 11828 | D:12     | Reached skill level 12 in Shields
 11841 | D:12     | Killed Fannar
 11985 | D:12     | Noticed a two-headed ogre
 11992 | D:12     | Killed a two-headed ogre
 12681 | D:12     | Reached XP level 13. HP: 101/106 MP: 13/13
 12942 | D:13     | Noticed a catoblepas
 13202 | D:13     | Killed a catoblepas
 13409 | D:13     | Reached skill level 13 in Shields
 13479 | D:13     | Noticed a centaur warrior
 13492 | D:13     | Killed a centaur warrior
 13526 | D:13     | Noticed a four-headed hydra
 13528 | D:13     | Noticed a vault guard
 13533 | D:13     | Killed a four-headed hydra
 13562 | D:13     | Killed a vault guard
 13598 | D:13     | Reached ***** piety under Wu Jian
 13742 | D:13     | Found a gate to the Vaults.
 15113 | D:14     | Noticed a centaur warrior
 15124 | D:14     | Killed a centaur warrior
 15128 | D:14     | Reached XP level 14. HP: 92/116 MP: 14/14
 15240 | D:14     | Got a fine ring mail
 15690 | D:14     | Found a portal to a secret trove of treasure.
 15767 | D:14     | Reached skill level 14 in Shields
 15961 | D:14     | Noticed Snorg
 16236 | D:14     | Killed Snorg
 16352 | D:15     | Entered Level 15 of the Dungeon
 16392 | D:14     | Got a scorched leather armour
 16725 | D:15     | Found a frozen archway.
 16961 | IceCv    | Entered an ice cave
 17545 | IceCv    | Noticed a frost giant
 17554 | IceCv    | Killed a frost giant
 17914 | D:15     | Identified the +3 dire flail "Jobeist" {drain, Fragile
                  | rPois rN++ SInv}
 17974 | D:15     | Reached XP level 15. HP: 70/124 MP: 15/15
 18033 | D:15     | Reached skill level 15 in Shields
 18261 | D:15     | Noticed Louise
 18462 | Lair:1   | Entered Level 1 of the Lair of Beasts
 18478 | Lair:1   | Reached ****** piety under Wu Jian
 19135 | Lair:1   | Found a runed translucent door.
 19138 | Lair:1   | Noticed Nr616's ghost (journeyman TrHu)
 19225 | Lair:1   | Found the +7 Singing Sword {slice, sonic wave}
 19421 | Lair:2   | Found a gate leading to a gauntlet.
 19434 | Gauntlet | Entered a Gauntlet
 19434 | Gauntlet | Found a transporter.
 19434 | Gauntlet | Found a transporter.
 19443 | Gauntlet | Found a transporter.
 19447 | Gauntlet | Found a transporter.
 19461 | Gauntlet | Found a transporter.
 19465 | Gauntlet | Found a transporter.
 19468 | Gauntlet | Noticed a reaper
 19473 | Gauntlet | Found a transporter.
 19489 | Gauntlet | Found a runed translucent door.
 19490 | Gauntlet | Found a transporter.
 19491 | Gauntlet | Found a runed translucent door.
 19505 | Gauntlet | Found a transporter.
 19547 | Gauntlet | Found a transporter.
 19565 | Gauntlet | Found a transporter.
 19569 | Gauntlet | Found a transporter.
 19665 | Gauntlet | Identified the Incunabulum of Poisoning and Bewitchment
 19896 | Gauntlet | Killed a reaper
 20848 | Lair:2   | You fall through a shaft for 2 floors!
 22391 | Lair:3   | Found a transporter.
 22393 | Lair:3   | Found a transporter.
 22395 | Lair:3   | Noticed NormalPerson7T's ghost (journeyman HaFE)
 22431 | Lair:3   | Found a staircase to the Snake Pit.
 22874 | Lair:3   | Found a staircase to the Swamp.
 23081 | Lair:3   | Killed NormalPerson7T's ghost
 23081 | Lair:3   | Reached XP level 16. HP: 134/134 MP: 16/16
 23318 | Lair:5   | Reached skill level 16 in Shields
 23399 | Lair:5   | Noticed Nessos
 23417 | Lair:5   | Killed Nessos
 24272 | Lair:6   | Entered Level 6 of the Lair of Beasts
 24458 | Lair:6   | Reached skill level 15 in Armour
 24498 | Lair:6   | Reached skill level 15 in Fighting
 25767 | Lair:6   | Reached XP level 17. HP: 142/142 MP: 17/17
 25796 | Lair:6   | Found a staircase to the Slime Pits.
 25796 | Lair:6   | Found a viscous altar of Jiyva.
 26490 | Orc:1    | Entered Level 1 of the Orcish Mines
 26569 | Orc:1    | Noticed Josephine
 26705 | Orc:1    | Killed Josephine
 26705 | Orc:1    | Reached skill level 17 in Shields
 27051 | Orc:2    | Entered Level 2 of the Orcish Mines
 27051 | Orc:2    | Noticed Azrael
 27060 | Orc:2    | Killed Azrael
 27586 | Orc:2    | Noticed Saint Roka
 28137 | Orc:2    | Killed Saint Roka
 28594 | Orc:2    | Reached skill level 15 in Staves
 29038 | Orc:2    | Found a staircase to the Elven Halls.
 29230 | Orc:2    | Found Toadeel's Antique Armour Shoppe.
 29231 | Orc:2    | Found Egyt's Antique Weapon Emporium.
 29232 | Orc:2    | Found Lesk's General Store.
 29232 | Orc:2    | Found Dosmuz's Book Shoppe.
 29238 | Orc:2    | Bought a potion of agility for 68 gold pieces
 29238 | Orc:2    | Bought a potion of degeneration for 17 gold pieces
 29392 | Elf:1    | Entered Level 1 of the Elven Halls
 29888 | Elf:1    | Found a runed translucent gate.
 29888 | Elf:1    | Found a runed translucent gate.
 29889 | Elf:1    | Found a runed translucent gate.
 29890 | Elf:1    | You fall through a shaft!
 29890 | Elf:2    | Found a huge runed translucent gate.
 29891 | Elf:2    | Found a huge runed translucent gate.
 29892 | Elf:2    | Found a huge runed translucent gate.
 29893 | Elf:2    | Found a huge runed translucent gate.
 29894 | Elf:2    | Found a huge runed translucent gate.
 30387 | Elf:2    | Noticed a deep elf blademaster
 30407 | Elf:2    | Killed a deep elf blademaster
 30407 | Elf:2    | Reached XP level 18. HP: 111/153 MP: 18/18
 30954 | Elf:2    | Reached skill level 18 in Shields
 32680 | Swamp:1  | Entered Level 1 of the Swamp
 33194 | Snake:1  | Entered Level 1 of the Snake Pit
 34512 | Snake:2  | Reached XP level 19. HP: 161/161 MP: 19/19
 34640 | Snake:2  | Found Korar's Gadget Emporium.
 34640 | Snake:2  | Found Hubymief's Jewellery Boutique.
 34641 | Snake:2  | Found Jasoasulei's Gadget Emporium.
 34784 | Snake:2  | You fall through a shaft!
 35323 | Snake:3  | Found Koaky's General Store.
 35327 | Snake:3  | Bought 2 potions of curing for 90 gold pieces
 36170 | Snake:3  | Reached skill level 19 in Shields
 37044 | Snake:4  | Entered Level 4 of the Snake Pit
 39527 | Snake:4  | Noticed Vashnia
 39532 | Snake:4  | Killed Vashnia
 39532 | Snake:4  | Reached XP level 20. HP: 134/170 MP: 20/20
 41938 | Snake:4  | Killed from afar by a nagaraja

Skill      XL: |  1  2  3  4  5  6  7  8  9 10 11 12 13 14 15 16 17 18 19 20 |
---------------+-------------------------------------------------------------+-----
Shields        | 4 5 6 7 8 10 11 12 13 14 15 16 17 18 19 | 19.9
Staves         | 3 4 5 6 7 8 9 10 11 12 13 14 15 16 17 | 17.2
Fighting       | 4 5 6 7 8 10 11 12 13 14 15 16 17 18 | 18.4
Armour         | 4 5 6 7 9 10 11 12 13 14 15 16 17 18 | 18.5
Dodging        | |  0.7

Action                   |  1- 3 |  4- 6 |  7- 9 | 10-12 | 13-15 | 16-18 | 19-21 || total
-------------------------+-------+-------+-------+-------+-------+-------+-------++-------
Melee: Quarterstaff      |    64 |   223 |   263 |   738 |  1429 |  2095 |  1083 ||  5895
       Unarmed           |       |       |     1 |       |       |       |       ||     1
Throw: Throwing net      |       |       |       |       |       |     1 |       ||     1
Invok: Lunge             |       |       |     8 |    43 |    68 |    97 |    49 ||   265
       Whirlwind         |       |       |       |    72 |   154 |   224 |    79 ||   529
       Serpent's Lash    |       |       |       |       |     1 |     2 |     5 ||     8
       Heavenly Storm    |       |       |       |       |       |       |     1 ||     1
 Abil: Dig               |       |       |       |     2 |     9 |     8 |     4 ||    23
       Wall Jump         |       |       |       |     1 |     3 |     4 |     8 ||    16
Evoke: Wand              |       |       |       |     6 |     2 |     8 |     2 ||    18
       Lightning rod     |       |       |       |     2 |     1 |     1 |       ||     4
       Phial of floods   |       |       |       |       |       |     1 |     2 ||     3
       Sack of spiders   |       |       |       |       |       |       |     1 ||     1
  Use: Scroll            |       |       |       |     4 |    18 |     3 |       ||    25
       Potion            |       |       |       |     3 |     1 |     3 |     7 ||    14
 Stab: Paralysed         |       |       |     3 |    12 |    36 |    31 |     4 ||    86
       Petrifying        |       |       |     2 |       |     4 |    13 |       ||    19
       Petrified         |       |       |     1 |       |    10 |     6 |     2 ||    19
       Confused          |       |       |       |     3 |     5 |    13 |    12 ||    33
  Eat: Chunk             |       |     5 |     5 |    25 |    22 |    33 |    15 ||   105
       Ration            |       |       |     1 |       |     4 |     2 |     3 ||    10
Armor: Scale mail        |    24 |    41 |       |       |       |       |       ||    65
       Plate armour      |       |    91 |   137 |    52 |       |       |       ||   280
       Chain mail        |       |       |       |   171 |   369 |   459 |   253 ||  1252
Dodge: Dodged            |    32 |    75 |    49 |   142 |   238 |   247 |   127 ||   910
Block: Shield            |    40 |   136 |   153 |   387 |   447 |       |       ||  1163
       Large shield      |       |       |       |       |   188 |  1443 |   750 ||  2381
